 Dungeon Crawl Stone Soup version 0.23-a0-512-g50a8178 (webtiles) character file.

54 galech the Skirmisher (level 3, -5/29 HPs)
             Began as a Demonspawn Fighter on Dec 4, 2018.
             Slain by a gnoll
             ... wielding a +0 halberd
              (7 damage)
             ... on level 1 of the Dungeon.
             The game lasted 00:01:53 (1144 turns).

galech the Skirmisher (Demonspawn Fighter)          Turns: 1144, Time: 00:01:53

Health: -5/29      AC:  9    Str: 16    XL:     3   Next: 66%
Magic:  3/3        EV:  4    Int:  9    God:
Gold:   59         SH:  9    Dex: 13    Spells: 2/2 levels left

rFire    . . .     SeeInvis .   a - +1 war axe
rCold    . . .     Gourm    .   c - +0 shield
rNeg     . . .     Faith    .   m - +0 chain mail
rPois    .         Spirit   .   (no helmet)
rElec    .         Reflect  .   (no cloak)
rCorr    .         Harm     .   (no gloves)
MR       .....                  (no boots)
Stlth    ..........             (no amulet)
HPRegen  0.09/turn              (no ring)
MPRegen  0.08/turn              (no ring)

@: no status effects
A: powered by death 1
a: no special abilities


You were on level 1 of the Dungeon.
You were not hungry.

You visited 1 branch of the dungeon, and saw 2 of its levels.

You collected 59 gold pieces.

Inventory:

Hand Weapons
 a - a +1 war axe (weapon)
Armour
 c - a +0 shield (worn)
 m - a +0 chain mail (worn)
Scrolls
 e - 3 scrolls of enchant weapon
 g - a scroll of fog
 k - 3 scrolls of teleportation
 n - a scroll of magic mapping
 o - a scroll of fear
 p - a scroll of enchant armour {unknown}
 s - a scroll of noise {unknown}
Potions
 b - 2 potions of curing {unknown}
 d - a potion of might
 h - a potion of mutation {unknown}
 l - a potion of berserk rage {unknown}
 q - a potion of degeneration {unknown}
 r - a potion of lignification {unknown}
Comestibles
 f - 6 rations
 i - 3 chunks of flesh


   Skills:
 + Level 3.4 Fighting
 + Level 2.3 Axes
 + Level 3.1 Armour
 + Level 3.2 Shields


You had 2 spell levels left.
You didn't know any spells.
Your spell library was empty.

Dungeon Overview and Level Annotations

Branches:
Dungeon (2/15)

Altars:


Innate Abilities, Weirdness & Mutations

You regenerate a little health from kills.


Message History

There is a stone staircase leading up, spattered with blood here.
You climb upwards.
There is a stone staircase leading down here.
You hit the gnoll.
The gnoll is moderately wounded.
The gnoll hits you with a +0 halberd.
* * * LOW HITPOINT WARNING * * *
The gnoll hits you with a +0 halberd.
* * * LOW HITPOINT WARNING * * *
You closely miss the gnoll.
The gnoll is moderately wounded.
The gnoll barely misses you.
Some of the chunks of flesh in your inventory have rotted away.
You slash the gnoll!
The gnoll is severely wounded.
The gnoll closely misses you.
You hit the gnoll.
The gnoll is almost dead.
The gnoll hits you with a +0 halberd!
You die...

#.......# ####.#.#.# ##.#
##.....## #......#.# #.# ##....#
#.##.###.# #.# ####.# #.##.# #.#
##'# # #.# #.##.###.# ##... ##
####.# #.##.....###>... .##
##.##.# #.##.######.....
..####...#.#######.#...####......
..+............g@.........'......
..##.....#.#######.#...####......
.###.##.......# #..#.## ##.....
.......#.#.##.# ##.### #####...[
#..##..#.#.##.# #.# ##P####...
..####.#.#.##.# #.# ##...# ##'#
.## ##.#.#.##.# #.# #.PP.# #.# .#
##....#.##.# #.###....####.#
.###.....#.##.# #..........##.#


You could see a gnoll.

Vanquished Creatures
  2 adders (D:2)
  A leopard gecko (D:1)
  A ball python (D:1)
  5 bats
  A giant cockroach (D:1)
  5 goblins (D:1)
  6 hobgoblins
  3 jackals (D:1)
  2 kobolds (D:1)
  2 frilled lizards (D:1)
  2 rats
30 creatures vanquished.

Notes
Turn   | Place    | Note
-------+----------+-------------------------------------------
     0 | D:1      | galech the Demonspawn Fighter began the quest for the Orb.
     0 | D:1      | Reached XP level 1. HP: 18/18 MP: 1/1
     0 | D:1      | You fall through a shaft!
    13 | D:2      | Gained mutation: You regenerate a little health from kills.
                  | [demonic ancestry]
    13 | D:2      | Reached XP level 2. HP: 22/24 MP: 2/2
   522 | D:1      | Reached XP level 3. HP: 27/29 MP: 3/3
  1144 | D:1      | Slain by a gnoll

Vault maps used:
D:1:      minmay_arrival_checkered_box, serial_forest,
          infiniplex_forest_clump_tiny, infiniplex_forest_corner_2,
          infiniplex_forest_corner_2, infiniplex_forest_lined_2,
          infiniplex_forest_clump_small, infiniplex_forest_clump_double,
          infiniplex_forest_lined_3, palyth_stone_intersect
D:2:      nicolae_overflow_crystal_walls, nicolae_ru_the_path_less_chosen,
          uniq_sigmund, uniq_jessica

Skill      XL: |  1  2 |
---------------+-------+-----
Armour         | 3 |  3.1
Shields        | 3 |  3.2
Axes           | 2 |  2.3
Fighting       | |  3.4

Action                   || total
-------------------------++-------
Melee: War axe           ||   102
  Use: Scroll            ||     5
  Eat: Chunk             ||     1
Armor: Scale mail        ||    28
       Chain mail        ||    50
Dodge: Dodged            ||    20
Block: Shield            ||    59

Table legend:
 A = Non-vault XP
 B = Vault XP
 C = Vault XP percentage of total XP
 D = Non-vault monster count
 E = Vault monster count
 F = Vault count percentage of total count
                 A         B        C        D         E       F
            +---------+---------+-------+---------+---------+-------
      Total |      78 |       0 |   0.0 |      30 |       0 |   0.0
            +---------+---------+-------+---------+---------+-------
        D:1 |      46 |       0 |   0.0 |      25 |       0 |   0.0
        D:2 |      32 |       0 |   0.0 |       5 |       0 |   0.0
            +---------+---------+-------+---------+---------+-------
